 Seeded DCSS version 0.28-a0-794-gafe8c5f9e9 (webtiles) character file.

Game seed: 20211110 (custom seed)

88 a11behringer the Chopper (level 4, 0/42 HPs)
             Began as a Deep Dwarf Fighter on Nov 6, 2021.
             Slain by an ogre (8 damage)
             ... on level 2 of the Dungeon.
             The game lasted 00:08:02 (1439 turns).

a11behringer the Chopper (Deep Dwarf Fighter)       Turns: 1439, Time: 00:08:03

Health: 0/42       AC: 12    Str: 21    XL:     4   Next: 30%
Magic:  4/4        EV:  6    Int: 14    God:
Gold:   34         SH:  4    Dex: 12    Spells: 3/3 levels left

rFire   . . .      SeeInvis .   a - +0 war axe (vamp)
rCold   . . .      Faith    .   c - +0 buckler
rNeg    . . .      Spirit   .   g - +1 plate armour
rPois   .          Reflect  .   (no helmet)
rElec   .          Harm     .   (no cloak)
rCorr   +          Rampage  .   (no gloves)
Will    .....                   (no boots)
Stlth   ..........              (no amulet)
HPRegen 0.00/turn               i - ring of resist corrosion
MPRegen 0.09/turn               k - +6 ring of intelligence

@: no status effects
A: damage resistance, heal wounds, sense surroundings 1, no regeneration
a: Heal Wounds


You were on level 2 of the Dungeon.
You visited 1 branch of the dungeon, and saw 2 of its levels.

You collected 34 gold pieces.

Inventory:

Hand Weapons
 a - a +0 vampiric war axe (weapon)
Missiles
 e - 25 bolts
 h - 12 sling bullets
Armour
 b - a +0 scale mail
 c - a +0 buckler (worn)
 g - a +1 plate armour (worn)
 m - a +3 scale mail
Jewellery
 i - a ring of resist corrosion (left hand)
 k - a +6 ring of intelligence (right hand)
Potions
 d - 2 potions of might
 f - a potion of berserk rage {unknown}
 j - a potion of flight {unknown}
 l - a potion of mutation {unknown}


   Skills:
 + Level 3.0 Fighting
 * Level 4.1 Axes
 + Level 3.5 Armour
 + Level 3.8 Shields


You had 3 spell levels left.
You didn't know any spells.
Your spell library contained the following spells:

 Spells                   Type           Power      Damage    Failure   Level
 Conjure Flame            Conj/Fire      0%         6-21      100%        3
 Ignite Poison            Fire/Tmut/Pois 0%         N/A       100%        3
 Sticky Flame             Conj/Fire      0%         2d3       100%        4


Dungeon Overview and Level Annotations

Branches:
Dungeon (2/15)

Altars:


Innate Abilities, Weirdness & Mutations

You are resistant to damage.
You can heal yourself by infusing magical energy.
You passively map a small area around you.
You do not regenerate.


Message History

You slash Natasha!
You kill Natasha!
Natasha yowls pathetically as she dies!
The shadow imp disappears in a puff of smoke! x2
Your Axes skill increases to level 4!
You have reached level 4!
You feel stronger.
Unknown command.
Found a runed scale mail.
You see here a +3 scale mail.
m - a +3 scale mail
Found a stone staircase leading up.
There is a stone staircase leading up here.
There is a stone staircase leading up here.
A giant cockroach comes into view.
An ogre comes into view. It is wielding a +0 giant club.
The giant cockroach bites you but does no damage.
The giant cockroach barely misses you.
You barely miss the giant cockroach. The giant cockroach closely misses you.
You hit the giant cockroach but do no damage.
The giant cockroach bites you but does no damage. x2
The giant cockroach bites you but does no damage.
You open the door. You block the giant cockroach's attack.
There is an open door here.
The giant cockroach bites you but does no damage.
You slash the giant cockroach!
You kill the giant cockroach!
You barely miss the ogre. The ogre barely misses you.
You slash the ogre!
The ogre is heavily wounded.
The ogre hits you with a +0 giant club!!
Ouch! That really hurt!
You completely miss the ogre.
The ogre is heavily wounded.
The ogre hits you with a +0 giant club!
* * * LOW HITPOINT WARNING * * *
You completely miss the ogre.
The ogre is heavily wounded.
The ogre hits you with a +0 giant club!
You die...

######### ........# ........#
........# .....!..# * *......=.##
, , ####.........########### *###
...+.........'.O@......#####+#..#
.###.........#########..........#
........#....# #..........#
#.#####.#....# #.........## ..#
.#....####### #)#####†#..#
..#####.#####......###.## #.#..#
........... +......'...># #.#..#
##.#...## #......###.## #.#..#
#.....# .#......###.# #.#..#


You could see an ogre.

Vanquished Creatures
  Natasha (D:2)
  An adder (D:2)
  2 worms (D:2)
  A dart slug (D:1)
  5 endoplasms
  4 giant cockroaches
  2 goblins (D:2)
  8 hobgoblins
  4 quokkas
  3 ball pythons
  3 bats (D:1)
  5 frilled lizards (D:1)
  A kobold (D:2)
  3 rats
43 creatures vanquished.

Notes
Turn   | Place    | Note
-------+----------+-------------------------------------------
     0 | D:1      | a11behringer the Deep Dwarf Fighter began the quest for the
                  | Orb.
     0 | D:1      | Reached XP level 1. HP: 20/20 MP: 1/1
   219 | D:1      | Reached XP level 2. HP: 27/27 MP: 2/2
   661 | D:1      | Found a faded altar of an unknown god.
   925 | D:2      | Reached skill level 3 in Axes
   925 | D:2      | Reached XP level 3. HP: 30/34 MP: 3/3
  1361 | D:2      | Noticed Natasha
  1372 | D:2      | Killed Natasha
  1373 | D:2      | Reached skill level 4 in Axes
  1373 | D:2      | Reached XP level 4. HP: 42/42 MP: 4/4
  1425 | D:2      | Noticed an ogre
  1439 | D:2      | Slain by an ogre

Illustrated notes

Levels and vault maps discovered:
D:1:      dpeg_chamrin_arrival_tetris, layout_basic,
          dreamdust_ecumenical_altar_statues
D:2:      layout_basic, minmay_pentomino_x4, uniq_natasha

Skill      XL: |  1  2  3 |
---------------+----------+-----
Fighting       | 3 |  3.0
Axes           | 3 4 |  4.1
Armour         | |  3.5
Shields        | |  3.8

Action                   |  1- 3 |  4- 6 || total
-------------------------+-------+-------++-------
Melee: War axe           |   145 |     7 ||   152
  Use: Scroll            |     5 |       ||     5
Armor: Scale mail        |     5 |       ||     5
       Plate armour      |   100 |     5 ||   105
Dodge: Dodged            |    39 |     3 ||    42
Block: Buckler           |    51 |     1 ||    52

Table legend: (Time is in decaauts)
 A = Elapsed time spent in this place.
 B = Non-inter-level travel time spent in this place.
 C = Inter-level travel time spent in this place.
 D = Time resting spent in this place.
 E = Time spent auto-exploring this place.
 F = Levels seen in this place.
 G = Mean time per level.
                   A        B        C        D        E       F      G
               +--------+--------+--------+--------+--------+-----+--------+
         Total |   1494 |   1201 |    293 |      0 |    832 |   2 |  747.0 |
       Dungeon |   1494 |   1201 |    293 |      0 |    832 |   2 |  747.0 |
               +--------+--------+--------+--------+--------+-----+--------+

Top non-repeatable levels by time:
     D:1: 873 daAuts
     D:2: 620 daAuts
